 Dungeon Crawl Stone Soup version 0.31-a0-1530-g330b8c2 (webtiles) character file.

Game seed: 3787221056399502384

4535 pym505 the Spear-Bearer (level 10, -1/111 HPs)
             Began as a Formicid Hunter on Dec 31, 2023.
             Was an Initiate of Gozag.
             Slain by a two-headed ogre
             ... wielding a +0 giant club
              (21 damage)
             ... on level 8 of the Dungeon.
             The game lasted 00:14:12 (6593 turns).

pym505 the Spear-Bearer (Formicid Hunter)           Turns: 6593, Time: 00:14:16

Health: -1/111     AC: 25    Str: 23    XL:     10   Next: 66%
Magic:  10/10      EV:  2    Int: 10    God:    Gozag
Gold:   604        SH:  0    Dex: 19    Spells: 9/9 levels left

rFire   + . .        p - +1 scythe (venom)
rCold   + . .        (no shield)
rNeg    . . .        q - melded +3 leather armour "Ykkesk" {Regen+ Str-3 Int+3}
rPois   +            (helmet unavailable)
rElec   +            o - melded scarf {rC+ rF+}
rCorr   +            (gloves currently unavailable)
SInv    .            (boots currently unavailable)
Will    +....        r - amulet of the acrobat
Stlth   +++          y - +4 ring of slaying
HPRegen 0.38/turn    k - +6 ring of strength
MPRegen 0.12/turn

%: acrobat
@: tree-form (expiring), resistant, gold aura
A: stationary, stasis, torment immunity, boosted hp, permanent stasis, dig
shafts and tunnels, (antennae 3), four strong arms
a: Renounce Religion, Potion Petition, Call Merchant, Bribe Branch


You were on level 8 of the Dungeon.
You worshipped Gozag.
Gozag was pleased with you.
You were a tree.
You visited 2 branches of the dungeon, and saw 9 of its levels.

You collected 764 gold pieces.
You paid 160 gold pieces to Gozag.

Inventory:

Hand Weapons
 a - a +0 shortbow
 p - a +1 scythe of venom (weapon)
Armour
 c - a +2 leather armour
 o - a scarf of resistance (melded)
 q - the +3 leather armour "Ykkesk" (melded) {Regen+ Str-3 Int+3}
   (You found it on level 5 of the Dungeon)

   Str-3:     It affects your strength (-3).
   Int+3:     It affects your intelligence (+3).
   Regen+:    It increases your rate of health regeneration.
Jewellery
 k - a +6 ring of strength (right branch)
 l - a +6 ring of dexterity
 r - an amulet of the acrobat (around neck)
 v - a ring of willpower
 y - a +4 ring of slaying (left branch)
 z - a ring of protection from cold
Wands
 u - a wand of polymorph (10)
 x - a wand of roots (1) (quivered)
Scrolls
 b - 2 scrolls of butterflies
 n - a scroll of fog
Potions
 d - 2 potions of mutation
 e - a potion of enlightenment
 f - 3 potions of curing
 h - a potion of ambrosia
 i - 2 potions of heal wounds
 m - 2 potions of haste
 t - a potion of lignification
 w - a potion of resistance


   Skills:
 + Level 5.3 Fighting
 * Level 9.9 Polearms
 * Level 8.1 Ranged Weapons
 * Level 5.8 Armour
 + Level 3.9 Dodging
 + Level 3.6 Stealth
 + Level 0.6 Evocations


You had 9 spell levels left.
You didn't know any spells.
Your spell library contained the following spells:

 Spells                   Type           Power      Damage    Failure   Level
 Apportation              Tloc           0%         N/A       36%         1
 Jinxbite                 Hex            0%         N/A       50%         2
 Fugue of the Fallen      Necr           0%         N/A       75%         3
 Ozocubu's Armour         Ice            0%         N/A       75%         3
 Tukima's Dance           Hex            0%         N/A       75%         3
 Manifold Assault         Tloc           0%         N/A       98%         4
 Passage of Golubria      Tloc           0%         N/A       98%         4
 Alistair's Intoxication  Alch           0%         N/A       100%        5
 Arcjolt                  Conj/Air       0%         1d10      100%        5
 Yara's Violent Unravell  Hex/Alch       0%         3d3       100%        5
 Maxwell's Capacitive Co  Air            0%         ∞         100%        8
 Vhi's Electric Charge    Tloc/Air       Unusable   N/A       N/A         4

Dungeon Overview and Level Annotations

Branches:
Dungeon (8/15)             Temple (1/1) D:5
   Lair: D:8-11

Altars:
Cheibriados
Dithmenos
Elyvilon
Fedhas
Gozag
Hepliaklqana
Kikubaaqudgha
Makhleb
Nemelex Xobeh
Okawaru
Qazlal
Ru
Trog
Uskayaw
Wu Jian
Xom
Yredelemnul
Zin
The Shining One

Shops:
D:1 !   D:2 :   D:7 =

Annotations:
D:5 3 runed translucent doors, rotlqkf's ghost, amateur HuGl


Innate Abilities, Weirdness & Mutations

You are a tree.
Your roots penetrate the ground, keeping you stationary.
You cannot be teleported.
You are immune to unholy pain and torment.
Your maximum health is greatly increased.
Your equipment is partially melded.
You cannot be hasted, slowed, berserked, paralysed or teleported.
You can dig through walls and to a lower floor.
((You have a pair of large antennae on your head. (SInv)))
Your four strong arms can wield two-handed weapons with a shield.


Message History

The two-headed ogre hits you with a +0 giant club!
You hit the two-headed ogre.
The two-headed ogre looks as sick as possible!
The two-headed ogre is moderately wounded.
You closely miss the two-headed ogre.
The two-headed ogre is moderately wounded.
You hear some strange, mumbled words.
The two-headed ogre hits you with a +0 giant club! x2
You feel much better. The two-headed ogre barely misses you.
The two-headed ogre hits you but does no damage.
It was a potion of resistance.
You feel protected.
A boggart comes into view.
You barely miss the two-headed ogre.
The two-headed ogre is heavily wounded.
The two-headed ogre hits you with a +0 giant club!!
The two-headed ogre hits you with a +0 giant club!
You puncture the two-headed ogre!
The two-headed ogre looks as sick as possible!
The two-headed ogre is severely wounded.
The two-headed ogre hits you with a +0 giant club!
* * * LOW HITPOINT WARNING * * *
The two-headed ogre hits you with a +0 giant club!
* * * LOW HITPOINT WARNING * * *
You feel much better.
You hear some strange, mumbled words.
You feel much better.
You hear some strange, mumbled words.
The two-headed ogre hits you with a +0 giant club!!
The two-headed ogre hits you with a +0 giant club!
* * * LOW HITPOINT WARNING * * *
Okay, then.
As you read the scroll of fear, it crumbles to dust.
You assume a fearsome visage.
The hornet looks frightened!
The boggart looks frightened!
The two-headed ogre easily resists.
The bullfrog looks frightened!
Your transformation is almost over.
The two-headed ogre hits you with a +0 giant club!!
You die...
Your body crumbles into a pile of gold.

8....#
......#### {
.g.......#
...O....F# {
.......gy#
.....{##.#
8.... #{#
### ...8 #O#
..### ##.
#♣# ....# #
#.# ....#
###.# ....#
##...# ....#
##..###
....#
###..##
..### #...##
..# ###.###
..######.[.#


You could see a two-headed ogre (extremely poisoned), a hornet (summoned,
fleeing), a bullfrog (summoned, fleeing) and a boggart (fleeing).

Vanquished Creatures
  Gastronok (D:8)
  A two-headed ogre (D:8)
  Sigmund (D:5)
  3 wyverns
  A steam dragon (D:7)
  Edmund (D:5)
  2 water moccasins (D:6)
  A sky beast (D:6)
  2 ice beasts
  A black bear (D:6)
  4 centaurs
  2 bullfrogs
  A scorpion (D:4)
  3 wights (D:8)
  3 howler monkeys
  A jelly (D:6)
  2 quasits (D:6)
  2 orc priests (D:8)
  2 hounds
  Terence (D:3)
  4 iguanas
  3 orc wizards
  A gnoll (D:1)
  7 adders
  6 shadow imps
  8 white imps
  9 ufetubi
  5 dart slugs
  2 ribbon worms
  31 orcs
  6 endoplasms
  4 giant cockroaches
  3 goblins
  5 hobgoblins
  A kobold (D:1)
  2 quokkas
  8 ball pythons
  2 bats
  2 frilled lizards (D:2)
  8 rats
152 creatures vanquished.

Notes
Turn   | Place    | Note
-------+----------+-------------------------------------------
     0 | D:1      | pym505 the Formicid Hunter began the quest for the Orb.
     0 | D:1      | Reached XP level 1. HP: 16/16 MP: 1/1
    17 | D:1      | Reached XP level 2. HP: 22/22 MP: 2/2
    57 | D:1      | Found Xaze's Distillery.
   135 | D:1      | Reached XP level 3. HP: 27/27 MP: 3/3
   523 | D:1      | Reached skill level 5 in Ranged Weapons
   735 | D:2      | Reached XP level 4. HP: 33/33 MP: 4/4
   899 | D:2      | Found Geziz's Book Boutique.
  1129 | D:2      | Found a faded altar of an unknown god.
  1377 | D:3      | Noticed Terence
  1382 | D:3      | Killed Terence
  1383 | D:3      | Reached skill level 1 in Armour
  1383 | D:3      | Reached XP level 5. HP: 39/39 MP: 5/5
  1752 | D:3      | Found a shimmering altar of Xom.
  1753 | D:3      | Noticed an angel
  1768 | D:3      | Found a glowing silver altar of Zin.
  2180 | D:4      | Reached XP level 6. HP: 34/46 MP: 6/6
  2925 | D:5      | Entered Level 5 of the Dungeon
  2975 | D:5      | Found a runed translucent gate.
  2976 | D:5      | Found a runed translucent gate.
  2976 | D:5      | Noticed a yak
  2977 | D:5      | Found a runed translucent gate.
  2977 | D:5      | Noticed rotlqkf's ghost (amateur HuGl)
  3068 | D:5      | Reached skill level 1 in Polearms
  3151 | D:5      | Noticed Sigmund
  3158 | D:5      | Killed Sigmund
  3159 | D:5      | Reached skill level 2 in Polearms
  3159 | D:5      | Reached XP level 7. HP: 46/52 MP: 7/7
  3175 | D:5      | Identified the +3 leather armour "Ykkesk" {Regen+ Str-3
                  | Int+3}
  3204 | D:5      | Reached skill level 3 in Polearms
  3377 | D:5      | Noticed Edmund
  3387 | D:5      | Killed Edmund
  3388 | D:5      | Reached XP level 8. HP: 31/58 MP: 8/8
  3492 | D:5      | Found a staircase to the Ecumenical Temple.
  3541 | Temple   | Entered the Ecumenical Temple
  3656 | D:5      | Found a glowing golden altar of the Shining One.
  3988 | D:6      | Reached skill level 4 in Polearms
  4122 | D:6      | Reached skill level 5 in Polearms
  4442 | D:6      | Found a snail-covered altar of Cheibriados.
  5023 | D:7      | Reached skill level 6 in Polearms
  5028 | D:7      | Noticed a wyvern
  5060 | D:6      | Reached XP level 9. HP: 40/62 MP: 9/9
  5210 | D:6      | Reached skill level 7 in Polearms
  5454 | D:7      | Found Jiliceov's Jewellery Shoppe.
  5495 | D:7      | Found an opulent altar of Gozag.
  5591 | D:7      | Became a worshipper of Gozag Ym Sagoz the Greedy
  6137 | D:8      | Reached skill level 8 in Polearms
  6265 | D:8      | Noticed Gastronok
  6283 | D:8      | Reached skill level 5 in Armour
  6306 | D:8      | Killed Gastronok
  6307 | D:8      | Reached skill level 5 in Fighting
  6307 | D:8      | Reached skill level 9 in Polearms
  6307 | D:8      | Reached XP level 10. HP: 65/74 MP: 10/10
  6439 | D:8      | Identified the +4 scale mail of the Teacher {Harm +Inv rC+
                  | Dex-5}
  6571 | D:8      | Noticed a two-headed ogre
  6571 | D:8      | Noticed a two-headed ogre
  6583 | D:8      | Killed a two-headed ogre
  6593 | D:8      | Slain by a two-headed ogre

Illustrated notes

Levels and vault maps discovered:
D:1:      lordsloth_arrival_two_stooges, layout_basic, serial_shops,
          nicolae_diamond_shop
D:2:      layout_loops_ring, serial_shops, nicolae_shop_behind_doors,
          dilly_ecumenical_altar_fadedgnrine, grunt_decor_mini_mirrors
D:3:      layout_basic, grunt_temple_overflow_order_and_chaos_1,
          serial_corexii_hall, chequers_hall_statues_wall_a,
          corexii_hall_statues_i, chequers_hall_statues_y,
          corexii_hall_statues_x, chequers_serial_rivers_micro_d, uniq_terence
D:4:      layout_gridville, kennysheep_generic_room_14
D:5:      layout_loops_ring, tso_metal_star, lemuel_temple_firewalk_b,
          gammafunk_ghost_split, sigmund_edmund_badplayer
D:6:      layout_layer_cave, mainiacjoe_overflow_cross_hatched,
          grunt_ministairs_8
D:7:      layout_cave_pools, amcnicky_altar_gilded, serial_demonic,
          serial_demonic_d, serial_demonic_c, serial_demonic_a,
          serial_demonic_d, serial_demonic_a, serial_demonic_d,
          serial_demonic_c, serial_demonic_d, serial_shops,
          nicolae_shop_crystal, minivault_26, corner_web_ring, nrook_uturn,
          minmay_misc_feat_ornament
D:8:      layout_basic, nicolae_phantomly_mirrored, uniq_gastronok
Temple:   minmay_temple_curvy_branch

Skill      XL: |  1  2  3  4  5  6  7  8  9 10 |
---------------+-------------------------------+-----
Ranged Weapons | 5 6 7 8 |  8.1
Armour         | 1 2 3 4 5 |  5.8
Polearms       | 2 3 6 9 |  9.9
Fighting       | 3 5 |  5.3
Dodging        | 2 3 |  3.9
Stealth        | 2 3 |  3.6
Evocations     | |  0.6

Action                     |  1- 3 |  4- 6 |  7- 9 | 10-12 || total
---------------------------+-------+-------+-------+-------++-------
  Melee: Spear             |       |    77 |       |       ||    77
         Halberd           |       |       |   236 |    42 ||   278
         Punch             |       |       |     2 |       ||     2
   Fire: Shortbow          |    64 |    77 |       |       ||   141
Ability: Dig               |       |     1 |     5 |       ||     6
  Evoke: Wand              |       |       |     3 |     1 ||     4
    Use: Scroll            |     4 |     8 |     6 |     1 ||    19
         Potion            |       |       |     3 |     6 ||     9
   Stab: Sleeping          |       |     4 |     2 |     1 ||     7
         Distracted        |       |       |     2 |       ||     2
 Armour: Leather armour    |     5 |    53 |   256 |     6 ||   320
         Skin              |       |       |       |    14 ||    14
  Dodge: Dodged            |     6 |    42 |   313 |    14 ||   375

Table legend: (Time is in decaauts)
 A = Elapsed time spent in this place.
 B = Non-inter-level travel time spent in this place.
 C = Inter-level travel time spent in this place.
 D = Time resting spent in this place.
 E = Time spent auto-exploring this place.
 F = Levels seen in this place.
 G = Mean time per level.
                   A        B        C        D        E       F      G
               +--------+--------+--------+--------+--------+-----+--------+
         Total |   6671 |   6331 |    340 |    393 |   4727 |   9 |  741.2 |
       Dungeon |   6669 |   6329 |    340 |    393 |   4727 |   8 |  833.6 |
        Temple |      1 |      1 |      0 |      0 |      0 |   1 |    1.0 |
               +--------+--------+--------+--------+--------+-----+--------+

Top non-repeatable levels by time:
     D:6: 1353 daAuts
     D:5: 1042 daAuts
     D:4: 918 daAuts
     D:7: 828 daAuts
     D:2: 703 daAuts
     D:3: 686 daAuts
     D:1: 646 daAuts
     D:8: 490 daAuts
  Temple: 1 daAuts
